 Dungeon Crawl Stone Soup version 0.29-a0-1027-gcd8c55af63 (webtiles) character file.

Game seed: 8345321663388362109

1458 Manisian the Poker (level 8, -3/64 HPs)
             Began as a Demonspawn Berserker on Aug 12, 2022.
             Was a Priest of Trog.
             Slain by a hornet (11 damage)
             ... on level 9 of the Dungeon on Aug 13, 2022.
             The game lasted 00:13:02 (4692 turns).

Manisian the Poker (Demonspawn Berserker)           Turns: 4692, Time: 00:13:03

Health: -3/64      AC:  9    Str: 21    XL:     8   Next: 47%
Magic:  8/8        EV:  9    Int:  8    God:    Trog [***...]
Gold:   291        SH:  0    Dex: 12    Spells: 7/7 levels left

rFire   . . .      SeeInvis .   a - +0 scythe
rCold   . . .      Faith    .   (shield currently unavailable)
rNeg    . . .      Spirit   .   i - +0 chain mail
rPois   .          Reflect  .   (helmet restricted)
rElec   .          Harm     .   d - scarf {+Inv}
rCorr   .          Rampage  .   (no gloves)
Will    .....                   (no boots)
Stlth   ..........              (no amulet)
HPRegen 0.20/turn               (no ring)
MPRegen 0.11/turn               (no ring)

@: slowed, very slow
A: antennae 1, powered by death 1, spiny 1, sturdy frame 1
a: Renounce Religion, Evoke Invisibility, Berserk, Trog's Hand


You were on level 9 of the Dungeon.
You worshipped Trog.
Trog was most pleased with you.
You visited 2 branches of the dungeon, and saw 8 of its levels.

You collected 291 gold pieces.

Inventory:

Hand Weapons
 a - a +0 scythe (weapon)
 u - a +1 spear
Missiles
 k - 24 stones (quivered)
 m - 4 javelins
 s - 7 poisoned darts
Armour
 b - a +0 animal skin
 c - a +0 ring mail
 d - a scarf of invisibility (worn)
 i - a +0 chain mail (worn)
Wands
 q - a wand of paralysis (10)
 t - a wand of roots (3)
 v - a wand of mindburst (20)
Scrolls
 o - a scroll of butterflies {unknown}
 w - a scroll of identify
 y - 3 scrolls of torment {unknown}
Potions
 e - 2 potions of haste
 f - 2 potions of brilliance
 g - a potion of lignification
 h - 3 potions of degeneration
 j - 2 potions of curing
 l - a potion of heal wounds {unknown}
 n - 2 potions of magic {unknown}
 p - a potion of mutation {unknown}
 x - a potion of cancellation {unknown}


   Skills:
 + Level 5.7 Fighting
 + Level 6.7 Polearms
 + Level 0.3 Throwing
 + Level 5.3 Armour
 + Level 3.2 Dodging
 - Level 0.1 Stealth
 + Level 0.2 Evocations


You had 7 spell levels left.
You didn't know any spells.
Your spell library was empty.

Dungeon Overview and Level Annotations

Branches:
Dungeon (9/15)             Temple (1/1) D:4
   Lair: D:8-11         Orc: D:9-12

Altars:
Ashenzari
Cheibriados
Dithmenos
Kikubaaqudgha
Makhleb
Nemelex Xobeh
Okawaru
Ru
Sif Muna
Trog
Uskayaw
Wu Jian
Xom
Yredelemnul

Shops:
D:6 ?

Annotations:
D:5 1 runed translucent door
Temple 4 transporters


Innate Abilities, Weirdness & Mutations

You have a pair of small antennae on your head.
You regenerate a little health from kills.
You are partially covered in sharp spines.
Your movements are slightly less encumbered by armour. (ER -2)


Message History

The bullfrog hits you but does no damage.
The bullfrog hits you. x2
The bullfrog is struck by your spines. The bullfrog hits you.
The bullfrog hits you!
The bullfrog hits you but does no damage.
The bullfrog hits you but does no damage.
You turn to flesh and can move again.
You closely miss the bullfrog.
The bullfrog is heavily wounded.
The bullfrog is struck by your spines. The bullfrog closely misses you.
The bullfrog is struck by your spines.
You kill the bullfrog!
Trog accepts your kill.
An orc comes into view. It is wielding a +0 club.
A skeletal warrior comes into view. It is wielding a +0 hand axe.
A centaur comes into view.
The centaur wields a +0 shortbow.
The centaur shoots an arrow.
The arrow barely misses you.
The sentinel's mark upon you fades away.
The centaur shoots an arrow.
The arrow completely misses you.
A centaur comes into view.
The centaur shoots an arrow.
The arrow hits you but does no damage.
A hornet comes into view.
The hornet buzzes angrily.
The centaur wields a +0 shortbow.
The centaur shoots an arrow.
The arrow hits you.
Found a blue potion.
A wyvern comes into view.
The wyvern hisses angrily.
The centaur shoots an arrow.
The arrow closely misses you.
The centaur shoots an arrow.
The arrow hits you.
Found a scroll labelled UMNULE MYOCA.
The hornet barely misses you.
The centaur shoots an arrow.
The arrow hits you.
* * * LOW HITPOINT WARNING * * *
The centaur shoots an arrow.
The arrow closely misses you. The hornet stings you!
* * * LOW HITPOINT WARNING * * *
You feel yourself slow down. The hornet is struck by your spines.
The hornet stings you!
You die...

.. ..~~....o.........
......~......zc......
............c..........
....######.............
.......................
...................####
...................#
......y.######+###.
......l@+{ ........#
........# ........#
.......!# ........#
.?......# .........


You could see a skeletal warrior, a hornet, a wyvern and a centaur.

Vanquished Creatures
  The ghost of dang3rdave the Shooter, a novice GrAM of Fedhas (D:5)
  Sigmund (D:5)
  The ghost of SoEpicPie the Covered, an amateur MeFi (D:4)
  Eustachio (D:5)
  A black bear (D:6)
  An ice beast (D:5)
  2 bullfrogs
  2 scorpions
  A hound (D:5)
  An orc priest (D:4)
  2 jellies (D:6)
  Natasha (thrice) (D:2)
  A gnoll (D:4)
  5 adders
  A river rat (D:5)
  11 orcs
  9 ball pythons
  5 bats
  5 endoplasms
  3 giant cockroaches
  9 goblins
  8 hobgoblins
  13 jackals
  5 quokkas
  3 frilled lizards
  14 kobolds
  7 rats
116 creatures vanquished.

Vanquished Creatures (others)
  2 plants
2 creatures vanquished.

Grand Total: 118 creatures vanquished

Notes
Turn   | Place    | Note
-------+----------+-------------------------------------------
     0 | D:1      | Manisian the Demonspawn Berserker began the quest for the
                  | Orb.
     0 | D:1      | Reached XP level 1. HP: 18/18 MP: 1/1
    58 | D:1      | Found a faded altar of an unknown god.
   230 | D:1      | Reached skill level 3 in Polearms
   230 | D:1      | Gained mutation: You have a pair of small antennae on your
                  | head. [demonic ancestry]
   230 | D:1      | Reached XP level 2. HP: 24/24 MP: 2/2
   579 | D:1      | Gained mutation: You regenerate a little health from kills.
                  | [demonic ancestry]
   579 | D:1      | Reached XP level 3. HP: 29/29 MP: 3/3
   607 | D:1      | Reached ** piety under Trog
  1250 | D:2      | Noticed Natasha
  1257 | D:2      | Killed Natasha
  1258 | D:2      | Reached XP level 4. HP: 36/36 MP: 4/4
  1385 | D:2      | Reached skill level 4 in Polearms
  1507 | D:2      | Noticed Natasha
  1517 | D:2      | Killed Natasha
  1660 | D:2      | Gained mutation: Your movements are slightly less
                  | encumbered by armour. (ER -2) [demonic ancestry]
  1660 | D:2      | Reached XP level 5. HP: 42/42 MP: 5/5
  1683 | D:2      | Noticed Natasha
  1688 | D:2      | Killed Natasha
  2473 | D:3      | Reached *** piety under Trog
  3120 | D:4      | Found a staircase to the Ecumenical Temple.
  3138 | D:4      | Gained mutation: You are partially covered in sharp spines.
                  | [demonic ancestry]
  3138 | D:4      | Reached XP level 6. HP: 38/49 MP: 6/6
  3164 | Temple   | Entered the Ecumenical Temple
  3164 | Temple   | Found a transporter.
  3164 | Temple   | Found a transporter.
  3178 | Temple   | Found a transporter.
  3178 | Temple   | Found a transporter.
  3285 | D:4      | Noticed SoEpicPie's ghost (amateur MeFi)
  3288 | D:4      | Found a runed translucent door.
  3642 | D:4      | Killed SoEpicPie's ghost
  3643 | D:4      | Reached skill level 5 in Polearms
  3770 | D:5      | Entered Level 5 of the Dungeon
  3782 | D:5      | Reached XP level 7. HP: 42/55 MP: 7/7
  3878 | D:5      | Noticed Sigmund
  3892 | D:5      | Noticed Eustachio
  3893 | D:5      | Killed Sigmund
  3894 | D:5      | Reached skill level 5 in Fighting
  3920 | D:5      | Killed Eustachio
  3923 | D:5      | Found a runed translucent door.
  4089 | D:5      | Reached skill level 6 in Polearms
  4269 | D:5      | Found a runed translucent door.
  4274 | D:5      | Noticed dang3rdave's ghost (novice GrAM)
  4308 | D:5      | Killed dang3rdave's ghost
  4309 | D:5      | Reached XP level 8. HP: 53/63 MP: 8/8
  4565 | D:6      | Found Ackah's Magic Scroll Emporium.
  4579 | D:6      | Reached skill level 5 in Armour
  4656 | D:6      | You fall into a shaft and drop 3 floors!
  4682 | D:9      | Noticed a skeletal warrior
  4688 | D:9      | Noticed a hornet
  4692 | D:9      | Slain by a hornet

Illustrated notes

Levels and vault maps discovered:
D:1:      dpeg_arrival_tiny_j, layout_loops_cross, basic_ecumenical_altar
D:2:      layout_basic, minmay_misc_feat_secret_circle, minmay_misc_feat_rugged,
          minmay_diced_spiral, uniq_natasha
D:3:      layout_loops_ring, chequers_big_river
D:4:      mumra_celtic_spiral_tile, layout_rooms,
          minmay_temple_entry_drinking_statues, hellmonk_ghost_happy_afterlife,
          kennysheep_windowed_goal
D:5:      layout_gridville, ebering_ghost_sewer_f, uniq_eustachio, uniq_sigmund
D:6:      layout_basic, gup_sewer_entry_bubbles, serial_shops,
          kennysheep_little_box, chequers_serial_rivers_small_3
D:9:      minmay_the_grid_net [minmay_the_grid_mess, minmay_the_grid_paths,
          minmay_the_grid_plusring, minmay_the_grid_garden,
          minmay_the_grid_dragon_a, minmay_the_grid_prize_shrinking_boxes],
          layout_irregular_city, dpeg_lair_monsters, lemuel_old_faithful,
          uniq_pikel
Temple:   hellmonk_temple_divided_pantheon

Skill      XL: |  1  2  3  4  5  6  7  8 |
---------------+-------------------------+-----
Polearms       | 3 4 5 6 |  6.7
Armour         | 2 3 4 5 |  5.3
Dodging        | 2 3 |  3.2
Fighting       | 4 5 |  5.7
Throwing       | |  0.3
Stealth        | |  0.1
Evocations     | |  0.2

Action                   |  1- 3 |  4- 6 |  7- 9 || total
-------------------------+-------+-------+-------++-------
Melee: Spear             |   137 |   185 |    22 ||   344
       Punch             |     1 |       |       ||     1
       Halberd           |       |       |    54 ||    54
Throw: Stone             |     1 |    10 |       ||    11
Invok: Berserk           |     2 |     4 |     3 ||     9
Evoke: Wand              |       |       |     1 ||     1
  Use: Scroll            |     3 |     8 |     4 ||    15
 Stab: Paralysed         |       |       |     3 ||     3
Armor: Ring mail         |    29 |       |       ||    29
       Chain mail        |     5 |    64 |    34 ||   103
Dodge: Dodged            |    68 |    50 |    29 ||   147

Table legend: (Time is in decaauts)
 A = Elapsed time spent in this place.
 B = Non-inter-level travel time spent in this place.
 C = Inter-level travel time spent in this place.
 D = Time resting spent in this place.
 E = Time spent auto-exploring this place.
 F = Levels seen in this place.
 G = Mean time per level.
                   A        B        C        D        E       F      G
               +--------+--------+--------+--------+--------+-----+--------+
         Total |   4818 |   4562 |    256 |    402 |   2529 |   8 |  602.2 |
       Dungeon |   4782 |   4526 |    256 |    402 |   2511 |   7 |  683.1 |
        Temple |     35 |     35 |      0 |      0 |     18 |   1 |   35.0 |
               +--------+--------+--------+--------+--------+-----+--------+

Top non-repeatable levels by time:
     D:4: 1054 daAuts
     D:1: 991 daAuts
     D:2: 916 daAuts
     D:3: 906 daAuts
     D:5: 817 daAuts
     D:6: 59 daAuts
     D:9: 36 daAuts
  Temple: 35 daAuts
